 Dungeon Sprint DCSS version 0.22.1-2-g9c5b331 (webtiles) character file.

2 diana the Chiller (level 1, -6/10 HPs)
             Began as a Deep Elf Ice Elementalist on Dec 24, 2018.
             Mangled by a phantom (9 damage)
             ... in the Dungeon (Sprint III: "The Ten Rune Challenge").
             The game lasted 00:01:20 (118 turns).

diana the Chiller (Deep Elf Ice Elementalist)        Turns: 118, Time: 00:01:20

Health: -6/10      AC:  5    Str:  5    XL:     1   Next: 33%
Magic:  1/7        EV: 13    Int: 19    God:
Gold:   22         SH:  0    Dex: 15    Spells: 6/7 levels left

rFire    . . .     SeeInvis .   (no weapon)
rCold    . . .     Gourm    .   (no shield)
rNeg     . . .     Faith    .   a - +0 robe
rPois    .         Spirit   .   (no helmet)
rElec    .         Reflect  .   (no cloak)
rCorr    .         Harm     .   (no gloves)
MR       .....     NoTele   +   (no boots)
Stlth    ++........             (no amulet)
HPRegen  0.03/turn              (no ring)
MPRegen  0.10/turn              (no ring)

@: berserk cooldown, very slightly contaminated, slowed, very slow
A: icy blue scales 1, rugged brown scales 1, mutation resistance 1
a: no special abilities


You were in the Dungeon.
You were not hungry.

You visited 1 branch You collected 22 gold pieces.

Inventory:

Armour
 a - a +0 robe (worn)
Scrolls
 i - a scroll of blinking
 k - a scroll of torment {unknown}
 l - 3 scrolls of identify
 m - a scroll of enchant weapon {unknown}
 o - a scroll of holy word {unknown}
 p - 2 scrolls of remove curse
Potions
 b - a potion of resistance {unknown}
 d - 2 potions of curing
 e - a potion of heal wounds
 f - a potion of haste
 g - 2 potions of magic
 j - a potion of mutation
 n - a potion of degeneration {unknown}
 q - 2 potions of flight
Comestibles
 c - 3 rations


   Skills:
 - Level 2.4 Dodging
 + Level 3.1 Stealth
 * Level 3.7 Spellcasting
   Level 1.1 Conjurations
 * Level 3.7 Ice Magic


You had 6 spell levels left.
You knew the following spells:

 Your Spells              Type           Power        Failure   Level  Hunger
a - Freeze                Ice            ###.         3%          1    None

Your spell library contained the following spells:

 Spells                   Type           Power        Failure   Level  Hunger
 Throw Frost              Conj/Ice       ##....       8%          2    ##.....
 Ozocubu's Armour         Chrm/Ice       ##......     21%         3    ###....
 Throw Icicle             Conj/Ice       ##......     45%         4    ####...
 Summon Ice Beast         Ice/Summ       ##......     54%         4    ####...


Dungeon Overview and Level Annotations

Branches:
Dungeon (1/1)

Altars:


Innate Abilities, Weirdness & Mutations

You are partially covered in icy blue scales. (AC +2)
You are partially covered in rugged brown scales. (AC +1, +3% HP)
You are somewhat resistant to further mutation.


Message History

You don't know that spell.
You start resting.
The phantom is too close now for your liking.
A red film seems to cover your vision as you go berserk!
You feel yourself moving faster!
You feel mighty!
The phantom blinks!
You feel a strong urge to attack something.
There is an open door here.
You slam the door shut with a bang!
You feel your anger nearly subside.
You are no longer berserk.
You are exhausted.
You feel yourself slow down.
You start resting.
A phantom opens the door.
Casting: Freeze (safe; 3% risk of failure)
Confirm with . or Enter, or press ? or * to list all spells.
You can't see any susceptible monsters within range! (Use Z to cast anyway.)
Okay, then.
The phantom hits you!
Ouch! That really hurt!
You die...

▓▓▓▓▓▓▓▓▓▓▓▓▓
▓<.#.@W.....♣
▓†.#..#....♣♣♣
▓#'####......♣
▓.....#....≈♣♣
▓.....#...≈≈.♣
▓.....#..≈≈≈≈♣.
▓####'#..≈≈≈≈≈≈
▓..†..#.≈≈≈≈≈≈.
▓.....#.≈≈≈≈≈..


You could see a phantom.

Vanquished Creatures
  4 rats (D)
4 creatures vanquished.

Vanquished Creatures (others)
  A hellion (D)
1 creature vanquished.

Grand Total: 5 creatures vanquished

Notes
Turn   | Place    | Note
-------+----------+-------------------------------------------
     0 | D        | diana the Deep Elf Ice Elementalist began the quest for the
                  | Orb.
     0 | D        | Reached XP level 1. HP: 10/10 MP: 6/6
    89 | D        | Killed a hellion
    97 | D        | Gained mutation: Your spells are a little easier to cast,
                  | but a little less powerful. [potion of mutation]
    97 | D        | Gained mutation: You are partially covered in icy blue
                  | scales. (AC +2) [potion of mutation]
    98 | D        | Lost mutation: You are partially covered in icy blue
                  | scales. (AC +2) [potion of mutation]
    98 | D        | Lost mutation: Your spells are a little easier to cast, but
                  | a little less powerful. [potion of mutation]
    98 | D        | Gained mutation: You are partially covered in rugged brown
                  | scales. (AC +1, +3% HP) [potion of mutation]
    98 | D        | Gained mutation: You are somewhat resistant to further
                  | mutation. [potion of mutation]
    98 | D        | Gained mutation: You are partially covered in icy blue
                  | scales. (AC +2) [potion of mutation]
   118 | D        | Mangled by a phantom

Skill      XL: |  1 |
---------------+----+-----
Stealth        | 3 |  3.1
Dodging        | |  2.4
Spellcasting   | |  3.7
Conjurations   | |  1.1
Ice Magic      | |  3.7

Action                   || total
-------------------------++-------
 Cast: Freeze            ||    10
  Use: Potion            ||     3
Dodge: Dodged            ||     5
